[Event "*** Titled Tuesday Blitz AM"]
[Site "Chess.com"]
[Date "2020.01.07"]
[Round "3"]
[White "fireheart92"]
[Black "Justmig"]
[Result "1-0"]
[WhiteElo "2913"]
[BlackElo "2705"]
[TimeControl "180+2"]
[EndTime "9:37:25 PST"]
[Termination "fireheart92 won by resignation"]

1. e4 c6 2. Nf3 d5 3. d3 dxe4 4. dxe4 Qxd1+ 5. Kxd1 Nf6 6. Nfd2 g6 7. f3 Bg7 8. c3 O-O 9. Kc2 Nbd7 10. Nc4 b6 11. Be3 Ba6 12. Nbd2 Rfd8 13. Nb3 c5 14. a4 Ne8 15. Rd1 Bb7 16. Be2 Ne5 17. Nbd2 Nc6 18. h4 Nc7 19. h5 Ne6 20. hxg6 hxg6 21. f4 Nf8 22. Bf3 e5 23. f5 Ne7 24. g4 f6 25. Rhg1 g5 26. Nb3 Nc6 27. Nd6 Ba6 28. Rg2 Nh7 29. Rgd2 Bf8 30. Nb5 Rxd2+ 31. Rxd2 Rd8 32.
Rxd8 Nxd8 33. Nxa7 Bd6 34. a5 c4 35. Nd2 bxa5 36. Be2 Bb8 37. Bxc4+ Bxc4 38. Nxc4 Bxa7 39. Bxa7 Nc6 40. Bc5 Nf8 41. Kb3 Nd7 42. Be3 Kf7 43.
Ka4 Ne7 44. Nxa5 Ng8 45. b4 Nh6 46. b5 Nxg4 47. Bg1 Ke7 48. c4 Nh6 49. c5 Nf7 50.
Nc4 g4 51. c6 Nf8 52. b6 Nd6 53. Bc5 1-0

[Event "*** Titled Tuesday Blitz AM"]
[Site "Chess.com"]
[Date "2020.01.07"]
[Round "3"]
[White "HomayoonTofighi"]
[Black "Philosopherrr"]
[Result "1/2-1/2"]
[WhiteElo "2678"]
[BlackElo "2439"]
[TimeControl "180+2"]
[EndTime "9:37:26 PST"]
[Termination "Game drawn by repetition"]

1. e4 e5 2. Nf3 Nc6 3. Bb5 a6 4. Bxc6 dxc6 5. d4 exd4 6. Qxd4 Qxd4 7. Nxd4 Bd6 8. Ne2 Ne7 9. Bf4 Bg4 10. f3 Be6 11.
Nbc3 O-O-O 12. Rd1 f6 13. Kf2 Ng6 14. Be3 Rhf8 15.
Nd4 Bd7 16. g3 Ne5 17. b3 g6 18.
h3 c5 19. Nde2 f5 20. exf5 Bxf5 21. f4 Nc6 22. Rd2 Nb4 23. Rc1 h5 24. a3 Nc6 25.
Kf3 Rde8 26. Ng1 Nd4+ 27. Bxd4 cxd4 28. Rxd4 Bc5 29. Re4 Bxe4+ 30. Nxe4 Bxa3 31. Rd1 Bb2 32. Ne2 Bf6 33. g4 hxg4+ 34. hxg4 Be5 35. Rd5 c6 36. Rc5 Bc7 37. Rg5 Re6 38. Nc5 Ref6 39. Nd3 b6 40. c4 a5 41. Ke4 Kb7 42. Ne5 Re8 43. Nd4 Ref8 44. Ne2 Re8 45. Nd4 Ref8 46. Ne2 1/2-1/2

[Event "*** Titled Tuesday Blitz AM"]
[Site "Chess.com"]
[Date "2020.01.07"]
[Round "3"]
[White "Nathan_Filgueiras"]
[Black "GelmanAlexander"]
[Result "0-1"]
[WhiteElo "2312"]
[BlackElo "2490"]
[TimeControl "180+2"]
[EndTime "9:37:27 PST"]
[Termination "GelmanAlexander won by resignation"]

1. e4 c5 2. Nf3 e6 3. d4 cxd4 4. Nxd4 d6 5. c4 Nf6 6. Nc3 b6 7. Bd3 Bb7 8. O-O Nbd7 9. Qe2 a6 10. f4 Qc7 11. b4 Be7 12. Be3 Rc8 13. Rac1 O-O 14. f5 e5 15. Nd5 Qd8 16. Nb3 h6 17. Rf3 Nxd5 18. cxd5 Rxc1+ 19. Bxc1 Bg5 20. Bxg5 Qxg5 21.
Rg3 Qh4 22. Rg4 Qd8 23. Qd2 Nf6 24. Rg3 Kh8 25. Rf3 a5 26. bxa5 bxa5 27. Nxa5 Qb6+ 28.
Kh1 Ra8 29. Nxb7 Qxb7 30. Qe2 Qb6 31. g3 Qd4 32. Qc2 Ra3 33. Kg2 Ng4 34. Qe2 Rc3 35. h3 Rc1 36. hxg4 Qg1+ 37. Kh3 Qh1+ 38. Qh2 Qxf3 0-1

[Event "*** Titled Tuesday Blitz AM"]
[Site "Chess.com"]
[Date "2020.01.07"]
[Round "3"]
[White "Atakishiyev04"]
[Black "OneTrickPony_82"]
[Result "1-0"]
[WhiteElo "2698"]
[BlackElo "2439"]
[TimeControl "180+2"]
[EndTime "9:37:28 PST"]
[Termination "Atakishiyev04 won by resignation"]

1. c4 Nf6 2. Nc3 c5 3. g3 e6 4. Bg2 d5 5. cxd5 exd5 6. d4 cxd4 7. Qxd4 Nc6 8. Qa4 d4 9. Ne4 Nxe4 10. Bxe4 Bb4+ 11.
Kf1 Bd7 12. Nf3 Bc5 13. Bf4 O-O 14. Kg2 Re8 15. Bd3 Nb4 16. Qb3 Nxd3 17. Qxd3 Bc6 18.
Rac1 Bb6 19. b4 Be4 20. Qd2 d3 21. Rhd1 dxe2 22. Qxe2 Qf6 23. Rd6 Qf5 24. Kg1 Bc6 25. Qd3 Qh5 26. Nd4 Bxd4 27. Rxd4 Qh3 28. Qf1 Qg4 29. b5 Bf3 30. h3 Qe6 31. Rd6 Qf5 32. Kh2 g5 33. Be3 Rad8 34. Rxd8 Rxd8 35. Bxa7 Rd6 36.
Be3 Rh6 37. Rc5 Bd5 38. Qg2 Rd6 39. Qf1 Qe4 40. Bxg5 b6 41. Rc8+ Kg7 42. Bf4 Rh6 43. Bxh6+ Kxh6 44. Rc3 Kg6 45. Qd3 f5 1-0

[Event "*** Titled Tuesday Blitz AM"]
[Site "Chess.com"]
[Date "2020.01.07"]
[Round "3"]
[White "mortngabriel"]
[Black "Lysiak_Poltorak"]
[Result "1-0"]
[WhiteElo "2388"]
[BlackElo "2153"]
[TimeControl "180+2"]
[EndTime "9:37:31 PST"]
[Termination "mortngabriel won by resignation"]

1. e4 c6 2. d3 d5 3. Nf3 g6 4.
Nbd2 Bg7 5. Be2 Bg4 6. O-O e6 7. Re1 Ne7 8. c3 Nd7 9. h3 Bxf3 10. Nxf3 Qc7 11. Bf1 O-O-O 12. Qa4 Kb8 13. Be3 Nb6 14. Qb3 f5 15. a4 f4 16. Bd4 e5 17. Bc5 dxe4 18. Rxe4 Nf5 19. Bxb6 axb6 20. Rae1 Rhe8 21. R4e2 c5 22. Qb5 h6 23. Qc4 g5 24. Qe4 Nd6 25. Qg6 Qf7 26. Qh7 Rh8 27. Nxe5 Rxh7 28. Nxf7 Nxf7 29.
Re7 Bf6 30. R7e6 Rd6 31. Rxd6 Nxd6 32. Re6 Be7 33. d4 cxd4 34. cxd4 Kc7 35. Bd3 Rg7 36. Rxh6 Kd7 37. Kf1 Ne8 38. Bb5+ Kd8 39. Rh8 Bb4 40.
Rxe8+ Kc7 41. Ke2 g4 42. hxg4 Rxg4 43. Kf3 Rg7 44. Re4 Bd2 45. Re6 Rf7 46. d5 Rf5 47.
d6+ Kb8 48. Re8+ Ka7 49. d7 1-0

[Event "*** Titled Tuesday Blitz AM"]
[Site "Chess.com"]
[Date "2020.01.07"]
[Round "3"]
[White "mikhaillushenkov"]
[Black "LogoCzar"]
[Result "1/2-1/2"]
[WhiteElo "2647"]
[BlackElo "2404"]
[TimeControl "180+2"]
[EndTime "9:37:33 PST"]
[Termination "Game drawn by repetition"]

1. Nf3 c5 2. c4 Nf6 3. Nc3 e6 4. g3 b6 5. Bg2 Bb7 6. O-O Be7 7. b3 O-O 8. Bb2 d5 9. e3 dxc4 10. bxc4 Nc6 11. Qe2 Qc7 12. d3 Rac8 13. Rfd1 Rfd8 14. Ne1 Ne5 15. f4 Nc6 16. g4 Qb8 17. g5 Ne8 18. Ne4 Qa8 19. h4 Nd6 20. Ng3 Nb4 21. h5 Bxg2 22. Nxg2 Nf5 23. Nxf5 exf5 24. Nh4 g6 25. a3 Nc6 26. Qc2 Rd6 27. Qc3 f6 28. hxg6 hxg6 29. Nxg6 Kf7 30. Nxe7 Nxe7 31.
Rd2 Rg8 32. Rg2 fxg5 33. fxg5 Rdg6 34. Rf1 Qc6 35. e4 Rxg5 36. Rf2 Rxg2+ 37. Rxg2 Rxg2+ 38. Kxg2 Qg6+ 39. Kf3 Qg4+ 40. Kf2 Qf4+ 41. Ke2 fxe4 42. dxe4 Qxe4+ 43. Kd2 Qf4+ 44. Kc2 Qf5+ 45. Kb3 Qg6 46.
Qf3+ Ke6 47. Qb7 Qd3+ 48. Bc3 Qb1+ 49. Bb2 Qd3+ 50. Bc3 Qb1+ 51. Bb2 Qd3+ 1/2-1/2

[Event "*** Titled Tuesday Blitz AM"]
[Site "Chess.com"]
[Date "2020.01.07"]
[Round "3"]
[White "MathiasWomacka"]
[Black "FelixJoseYnojosa"]
[Result "0-1"]
[WhiteElo "2352"]
[BlackElo "2613"]
[TimeControl "180+2"]
[EndTime "9:37:34 PST"]
[Termination "FelixJoseYnojosa won by resignation"]

1. e4 c5 2. Nf3 Nc6 3. d4 cxd4 4.
Nxd4 e5 5. Nb5 d6 6. c4 Be7 7. N1c3 a6 8. Na3 Nf6 9. Be2 O-O 10. Be3 Nd7 11. O-O Nc5 12. Qd2 Ne6 13. Nc2 Bg5 14.
Bxg5 Qxg5 15. Qxg5 Nxg5 16. Rfd1 Rd8 17. Rd2 Ne6 18. Bg4 Ned4 19. Bxc8 Raxc8 20. Ne3 Kf8 21. Ncd5 g6 22. Nb6 Rb8 23. b3 Kg7 24. Rb1 f5 25. exf5 gxf5 26. b4 f4 27. Ned5 f3 28. b5 fxg2 29.
Kxg2 axb5 30. cxb5 Na7 31. a4 Kh6 32. f4 Rg8+ 33. Kf2 Rg4 34. Nd7 Rbg8 35. N7f6 Rg2+ 36. Ke3 R8g6 37. Rxg2 Rxg2 38. Rc1 Ra2 39. Rc7 Rxa4 40. Rxh7+ Kg6 41. Rxb7 Naxb5 42. h4 Nf5+ 43. Kd3 e4+ 44. Nxe4 Rd4+ 45. Kc2 Rxd5 46. h5+ Kh6 47. Rh7+ Kxh7 48. Nf6+ Kh6 49. Nxd5 Kxh5 50. Kd3 Kg6 51. Nf6 Kxf6 0-1

[Event "*** Titled Tuesday Blitz AM"]
[Site "Chess.com"]
[Date "2020.01.07"]
[Round "3"]
[White "VeraNebolsina"]
[Black "Onegust"]
[Result "0-1"]
[WhiteElo "2326"]
[BlackElo "2550"]
[TimeControl "180+2"]
[EndTime "9:37:37 PST"]
[Termination "Onegust won by resignation"]

1. e4 c5 2. Nc3 d6 3. Bc4 Nf6 4. d3 Nc6 5. Bg5 e6 6. f4 Be7 7. Nge2 Ng4 8. Qd2 O-O 9. h3 Nf6 10. O-O Ne8 11. Bxe7 Nxe7 12. d4 cxd4 13. Nxd4 Qb6 14.
Qf2 Qxb2 15. Nce2 a6 16. a4 Qb4 17. Bb3 Qc5 18. a5 Bd7 19. Kh1 Nf6 20. Qf3 Nc6 21.
c3 Nxa5 22. Ba2 Nc4 23. Rfd1 b5 24. Bb1 e5 25. Nf5 Bxf5 26. exf5 Rfe8 27. g4 exf4 28. Nxf4 h6 29. Ra2 Ra7 30. Re2 Rae7 31. Rxe7 Rxe7 32. h4 Re3 33. Qa8+ Re8 34. Qf3 Qe3 35. Qxe3 Rxe3 36. g5 hxg5 37. hxg5 Ne4 38. Kg1 Nxc3 39. Rc1 Rf3 40.
Nd5 Nxd5 41. Kg2 0-1

[Event "*** Titled Tuesday Blitz AM"]
[Site "Chess.com"]
[Date "2020.01.07"]
[Round "3"]
[White "Megagigahiper3345"]
[Black "arjwezhrtdrz"]
[Result "0-1"]
[WhiteElo "2427"]
[BlackElo "2279"]
[TimeControl "180+2"]
[EndTime "9:37:40 PST"]
[Termination "arjwezhrtdrz won by resignation"]

1. d4 d6 2. c4 e5 3. d5 f5 4. e4 fxe4 5. Nc3 Nf6 6. Bg5 Be7 7. Bxf6 Bxf6 8. Nxe4 O-O 9. Ne2 Be7 10.
N2g3 a5 11. Bd3 b6 12. h4 Na6 13. Qh5 g6 14. Qh6 Nc5 15. Nxc5 bxc5 16. Bxg6 hxg6 17. Qxg6+ Kh8 18. Qh6+ Kg8 19. Qg6+ Kh8 20. Nh5 Bf6 21. Qh6+ Kg8 22. Qg6+ Kh8 23. g4 Qe7 24. Qh6+ Kg8 25.
Qg6+ Bg7 26. O-O-O Qf7 27. Qg5 Kh7 28. Rd3 Bh6 29. Kb1 Bxg5 30. hxg5 Bxg4 31. Nf6+ Kg6 32. Rg3 Bf5+ 33. Ka1 Rh8 34. Rhg1 Rh4 35. Re3 Rah8 36. a4 Rxc4 37. Reg3 Rxa4+ 0-1

[Event "*** Titled Tuesday Blitz AM"]
[Site "Chess.com"]
[Date "2020.01.07"]
[Round "3"]
[White "Gahan-MG"]
[Black "SantoBlue"]
[Result "1-0"]
[WhiteElo "2481"]
[BlackElo "2753"]
[TimeControl "180+2"]
[EndTime "9:37:41 PST"]
[Termination "Gahan-MG won by resignation"]

1. e4 c5 2. c3 d6 3. d4 Nf6 4. Bd3 Qc7 5. Ne2 g6 6. O-O Bg7 7. Na3 O-O 8. Bf4 e5 9. Bg3 a6 10. Nc4 Nh5 11. dxe5 dxe5 12. Ne3 Nxg3 13. Nxg3 Be6 14.
Bc4 Rd8 15. Qb3 Bxc4 16. Qxc4 b5 17. Qe2 Nd7 18. Nd5 Qb7 19. Rfd1 Nf8 20. Nf1 Ne6 21. Nfe3 Kh8 22. a4 Rf8 23. axb5 axb5 24. h4 h5 25. g3 Rfb8 26. Qf3 c4 27. Nf5 Rxa1 28.
Rxa1 gxf5 29. exf5 Nf8 30. f6 Bh6 31. Qxh5 Kh7 32. Qxe5 Ng6 33. Qf5 Qc8 34. Qe4 Qe8 35. Ne7 Rb6 36. h5 Rxf6 37. hxg6+ fxg6 38. Ra7 Bg7 39. Qh4+ 1-0

[Event "*** Titled Tuesday Blitz AM"]
[Site "Chess.com"]
[Date "2020.01.07"]
[Round "3"]
[White "lucasmito"]
[Black "mazetofonias"]
[Result "0-1"]
[WhiteElo "2437"]
[BlackElo "2691"]
[TimeControl "180+2"]
[EndTime "9:37:44 PST"]
[Termination "mazetofonias won by resignation"]

1. e4 c5 2. Nf3 d6 3. Nc3 a6 4. d4 cxd4 5. Nxd4 Nf6 6. Be3 e5 7. Nb3 Be7 8. f3 Be6 9. Qd2 O-O 10. O-O-O a5 11. Bb5 Na6 12. Kb1 Nc7 13. Bb6 Qb8 14. a4 Rc8 15. g4 Nxb5 16. Nxb5 d5 17. g5 Nd7 18. exd5 Bf5 19. Bc7 Rxc7 20. Nxc7 Qxc7 21.
d6 Qb6 22. dxe7 Qxb3 23. Rhe1 Rc8 24. Re4 Qe6 25. Qd6 Qxd6 26. Rxd6 f6 27. Rc4 Re8 28. gxf6 gxf6 29. Rc7 Rxe7 30. Rxb7 Kf7 31. Ra6 e4 32. fxe4 Bxe4 33. Rc7 f5 34. Raa7 Ke6 35.
Ra6+ Kf7 36. Raa7 Ke6 37. Ra6+ Ke5 38. Raa7 Kd6 39. Kc1 f4 40. Kd2 Bc6 41. Rc8 f3 42. Rxa5 Ne5 43. b3 f2 44. Rf8 Nf3+ 45. Rxf3 Bxf3 0-1

[Event "*** Titled Tuesday Blitz AM"]
[Site "Chess.com"]
[Date "2020.01.07"]
[Round "3"]
[White "Daxasy"]
[Black "capatl"]
[Result "1-0"]
[WhiteElo "2836"]
[BlackElo "2653"]
[TimeControl "180+2"]
[EndTime "9:37:47 PST"]
[Termination "Daxasy won by resignation"]

1. e4 c5 2. Nf3 e6 3. d4 cxd4 4. Nxd4 a6 5. c4 Qc7 6. a3 d6 7. Nc3 Nd7 8. Be3 b6 9. f3 Bb7 10. Be2 Ngf6 11. O-O Be7 12. Qd2 O-O 13. Rfc1 Rac8 14.
a4 Ne5 15. a5 bxa5 16. Nb3 Nc6 17. Nd5 exd5 18. cxd5 Qb8 19. dxc6 Bxc6 20. Nxa5 Bb5 21. Nc4 d5 22. exd5 Rfd8 23. Nb6 Rxc1+ 24. Rxc1 Bd6 25. g3 Bxg3 26. Bxb5 axb5 27. hxg3 Qxg3+ 28. Qg2 Qe5 29. Qg5 Qxb2 30. Rd1 h6 31. Qg2 Qe5 32. Bd4 Qf5 33.
Re1 b4 34. Re5 Qb1+ 35. Kh2 b3 36. Re3 Qc2 37. Bxf6 Qxg2+ 38. Kxg2 Rb8 39. Rxb3 gxf6 40. Rb2 Kg7 41. Nc4 Rd8 42. d6 f5 43. Kg3 Kf6 44.
Kf4 Ke6 45. Rb5 Rc8 46. Re5+ Kd7 47. Nb6+ 1-0

[Event "*** Titled Tuesday Blitz AM"]
[Site "Chess.com"]
[Date "2020.01.07"]
[Round "3"]
[White "Sashadav97"]
[Black "2L8IWUN"]
[Result "1-0"]
[WhiteElo "2545"]
[BlackElo "2133"]
[TimeControl "180+2"]
[EndTime "9:37:47 PST"]
[Termination "Sashadav97 won by checkmate"]

1. d4 Nf6 2. c4 e6 3. Nc3 d5 4. cxd5 exd5 5. Bg5 c6 6. e3 Be6 7. Bd3 Nbd7 8. Nge2 h6 9. Bh4 g5 10. Bg3 Nh5 11. Qc2 Nxg3 12. Nxg3 h5 13. O-O-O h4 14.
Nf5 Qf6 15. e4 Bxf5 16. exf5 O-O-O 17. Nxd5 Qd6 18. Nc3 Qxd4 19. Kb1 Kb8 20. f6 Qxf6 21. Bf5 Bd6 22. h3 Nb6 23. Bd3 Be5 24. Ne4 Qg7 25.
Rhe1 Rhe8 26. Nc5 f6 27. Bf5 Qe7 28. Ne6 Rxd1+ 29. Rxd1 Nd5 30. Nc5 Nb4 31. Qc4 Nd5 32. a3 Rd8 33. Rd3 Nb6 34. Qc2 Rxd3 35. Nxd3 Bd6 36. f3 Nd5 37. Be4 Qe6 38. Bxd5 Qxd5 39. Nf2 Be5 40. Ne4 Qd4 41. Nd2 Qg1+ 42. Ka2 Qxg2 43.
Qd3 Qf2 44. Qd8# 1-0

[Event "*** Titled Tuesday Blitz AM"]
[Site "Chess.com"]
[Date "2020.01.07"]
[Round "3"]
[White "Alexander_Donchenko"]
[Black "Ariadna_Atreides"]
[Result "1-0"]
[WhiteElo "2719"]
[BlackElo "2062"]
[TimeControl "180+2"]
[EndTime "9:37:48 PST"]
[Termination "Alexander_Donchenko won on time"]

1. e4 c5 2. Nf3 d6 3. Bb5+ Bd7 4.
Bxd7+ Qxd7 5. c4 e5 6. Nc3 g6 7. d3 Bg7 8. O-O Ne7 9. Bg5 O-O 10. Bxe7 Qxe7 11. Nd5 Qd7 12. a3 Nc6 13. b4 b6 14.
Qa4 Kh8 15. Rab1 Rad8 16. Ne1 Nd4 17. Qxd7 Rxd7 18. Rb2 f5 19. Nc2 fxe4 20. dxe4 Rdf7 21. f3 Bh6 22. bxc5 dxc5 23. Ne1 Bg5 24. Nd3 Re8 25.
a4 Bd8 26. Rfb1 g5 27. h3 h5 28. a5 bxa5 29. Rb7 Rxb7 30. Rxb7 Nc6 31. Nxc5 Rg8 32. Ne6 g4 33. fxg4 hxg4 34. hxg4 a4 35. g5 Bxg5 36.
Nxg5 Rxg5 37. Nf6 Rg7 38. Rb5 Rf7 39. Nd5 a6 40. Rc5 Nd4 41. g3 Ne2+ 42. Kg2 a3 43.
Ra5 1-0

[Event "*** Titled Tuesday Blitz AM"]
[Site "Chess.com"]
[Date "2020.01.07"]
[Round "3"]
[White "MishkaFighter"]
[Black "sganerdene"]
[Result "1-0"]
[WhiteElo "2448"]
[BlackElo "2647"]
[TimeControl "180+2"]
[EndTime "9:37:51 PST"]
[Termination "MishkaFighter won by resignation"]

1. d4 Nf6 2. c4 g6 3. Nc3 Bg7 4. g3 O-O 5. Bg2 d6 6. Nf3 Nc6 7. O-O a6 8. b3 Rb8 9. d5 Na5 10. Bg5 c5 11. dxc6 Nxc6 12. Rc1 Qa5 13. Qd2 Be6 14.
Rfd1 Rbc8 15. Ne1 Rfe8 16. Nd3 b5 17. c5 Red8 18. cxd6 Rxd6 19. Ne4 Qxd2 20. Rxd2 Nxe4 21. Bxe4 Na7 22. Rdc2 Rxc2 23. Rxc2 f6 24. Bf4 Rd8 25. Rc7 Nc8 26. Kg2 g5 27. Be3 Kf7 28. Nc5 Nd6 29.
Bxh7 f5 30. Bxg5 Bf6 31. Bg6+ Kxg6 32. Nxe6 Ra8 33. Bxf6 Kxf6 34. Nc5 a5 35. h4 a4 36.
bxa4 bxa4 37. Rc6 Kf7 38. Ra6 Rxa6 39. Nxa6 Nb5 40. Nc5 a3 41. Nb3 Nc3 42. Nc1 e5 43. Kf3 Kg6 44. Ke3 Kh5 45. Kd3 Ne4 46. Ke3 Nc3 47. f3 Kg6 48. Kd3 Nd5 49. e4 fxe4+ 50.
Kxe4 Nc3+ 51. Kxe5 Ne2 52. Nxe2 1-0

[Event "*** Titled Tuesday Blitz AM"]
[Site "Chess.com"]
[Date "2020.01.07"]
[Round "3"]
[White "Parhamov"]
[Black "attack2mateU"]
[Result "1-0"]
[WhiteElo "3059"]
[BlackElo "2733"]
[TimeControl "180+2"]
[EndTime "9:37:54 PST"]
[Termination "Parhamov won by resignation"]

1. e4 c5 2. Nf3 d6 3. d4 cxd4 4.
Nxd4 Nf6 5. Nc3 a6 6. Bg5 Nbd7 7. Qe2 h6 8. Bh4 g6 9. O-O-O e5 10. Nf3 Qc7 11. Kb1 b5 12. Qe3 Bb7 13. a3 Rc8 14. Nd2 Be7 15. Bd3 Qc5 16. Qe2 Qb6 17. Nb3 O-O 18.
f3 Nc5 19. Bf2 Qc7 20. h4 Nh5 21. Qd2 Nf4 22. Bf1 Nxb3 23. cxb3 d5 24. g3 d4 25. Nxb5 axb5 26. gxf4 Ra8 27. b4 exf4 28. Bxb5 Rfd8 29.
Rc1 Qe5 30. Qd3 Rab8 31. Bc4 Ba8 32. Rhg1 Kg7 33. Be1 Bf6 34. Bd2 Bxh4 35. Rg4 Bg3 36. Qb3 h5 37. Rxg3 fxg3 38. Bxf7 g2 39. Ka2 Rbc8 40. Rg1 Qh2 41. Qe6 Rc6 42. Qe7 Qd6 43.
Qxd6 Rcxd6 44. Bc4 Rf8 45. Be2 d3 46. Bd1 h4 47.
Rxg2 h3 48. Rh2 Rdf6 49. Bc3 Rh8 50. Kb3 Kf7 51. Kc4 Rc8+ 52. Kd4 Rd6+ 53. Ke3 d2 54. Rxh3 1-0

[Event "*** Titled Tuesday Blitz AM"]
[Site "Chess.com"]
[Date "2020.01.07"]
[Round "3"]
[White "temus_galaktionov"]
[Black "nihalsarin"]
[Result "1/2-1/2"]
[WhiteElo "2743"]
[BlackElo "3064"]
[TimeControl "180+2"]
[EndTime "9:37:55 PST"]
[Termination "Game drawn by agreement"]

1. d4 Nf6 2. Nf3 d5 3. c4 e6 4. Nc3 c6 5. Qb3 Nbd7 6. Bg5 h6 7. Bh4 Be7 8. e3 O-O 9. Bd3 b6 10. O-O Bb7 11. cxd5 Nxd5 12. Bxe7 Qxe7 13. Nxd5 exd5 14.
Rac1 Rfe8 15. Qc2 c5 16. b3 Rac8 17. Qb2 Rc7 18. Rc2 Rec8 19. Rfc1 Nf8 20. dxc5 bxc5 21. Bf5 Ne6 22. Qe5 c4 23. Nd4 Nxd4 24. Qxd4 cxb3 25. axb3 Rxc2 26. Rxc2 Rxc2 27. Bxc2 Qc7 28. Bd1 Qb6 29.
Qxb6 axb6 30. Kf1 Kf8 31. g3 Ke7 32. Ke2 Ba6+ 33. Kd2 Kd6 34. Kc3 Ke5 35. Bc2 f6 36. f4+ Kd6 37. Kd4 Bc8 38. b4 Bd7 39. Bb3 Bc6 40.
h4 Bb7 41. Ba4 Ba8 42. Be8 Ke7 43. Bg6 Bc6 44. Bh7 Kd6 45. Bg8 Bb7 46. Bf7 Bc6 47. Bg8 Bb7 1/2-1/2

[Event "*** Titled Tuesday Blitz AM"]
[Site "Chess.com"]
[Date "2020.01.07"]
[Round "3"]
[White "FrogMist"]
[Black "manitodeplomo"]
[Result "0-1"]
[WhiteElo "2428"]
[BlackElo "2683"]
[TimeControl "180+2"]
[EndTime "9:37:56 PST"]
[Termination "manitodeplomo won by resignation"]

1. e4 c5 2. Nf3 e6 3. d4 cxd4 4. Nxd4 a6 5. Bd3 g6 6. O-O Bg7 7. Be3 Ne7 8. c4 O-O 9. Nc3 d5 10. Rc1 e5 11. Bg5 exd4 12. Nxd5 Nbc6 13. f4 f6 14. Bh4 Be6 15. a3 a5 16. Qb3 Rb8 17.
Qb5 f5 18. e5 Kh8 19. Nf6 Qc7 20. Rf3 Ng8 21. Nd5 Qf7 22. Rh3 Nce7 23. Nb6 Nc6 24.
b4 axb4 25. axb4 Nge7 26. Qc5 Rfd8 27. b5 Bf8 28. Bf6+ Kg8 29. bxc6 Nxc6 30. Qb5 Re8 31. Nd5 Ra8 32. Qb6 Ra6 33. Qb5 Ra5 34. Qb6 Rxd5 35.
cxd5 Bxd5 36. Rb1 Rb8 37. Rd1 Nd8 38. Bxd8 Rc8 39. Bf6 Rc3 40. Rg3 Qd7 41. Qxd4 Bc5 42. e6 Qxe6 43. Bf1 Bxd4+ 44. Bxd4 Rc2 45. Rgd3 Be4 46.
Bf2 Bxd3 47. Rxd3 Rc1 48. g3 Qe2 0-1

[Event "*** Titled Tuesday Blitz AM"]
[Site "Chess.com"]
[Date "2020.01.07"]
[Round "3"]
[White "BeanScreen"]
[Black "chess4ever007"]
[Result "0-1"]
[WhiteElo "2402"]
[BlackElo "2348"]
[TimeControl "180+2"]
[EndTime "9:38:05 PST"]
[Termination "chess4ever007 won by checkmate"]

1. e4 c5 2. Nf3 e6 3. d4 cxd4 4. Nxd4 Nc6 5. Nc3 Qc7 6. g3 a6 7.
Bg2 Nf6 8. O-O h5 9. Re1 Nxd4 10. Qxd4 Bc5 11. Bf4 d6 12. Qd3 Ng4 13. Re2 h4 14. Na4 e5 15. Nxc5 exf4 16. Na4 hxg3 17. hxg3 Ne5 18. Qa3 Bg4 19. f3 Bh3 20. gxf4 Ng6 21. Qe3 Qe7 22. Nc3 Qh4 23. e5 Bxg2 24. exd6+ Kf8 25.
d7 Kg8 26. Rxg2 Qh1+ 27. Kf2 Qh4+ 28. Kf1 Nxf4 29. Rg4 Qh1+ 30. Qg1 Qxf3+ 31. Ke1 Rh1 32.
Rxg7+ Kh8 33. Kd2 Rxg1 34. Raxg1 Ng6 35. R1xg6 fxg6 36. Re7 Qf4+ 37. Kd3 Qf5+ 38. Ne4 Rf8 39. Kd4 g5 40. Nd6 Qf6+ 41. Re5 Qxd6+ 42. Rd5 Qb6+ 43. Ke4 Rf4+ 44. Ke5 Qf6# 0-1

[Event "*** Titled Tuesday Blitz AM"]
[Site "Chess.com"]
[Date "2020.01.07"]
[Round "3"]
[White "elpepinillo14"]
[Black "NemtsevIgor"]
[Result "0-1"]
[WhiteElo "2623"]
[BlackElo "2362"]
[TimeControl "180+2"]
[EndTime "9:38:06 PST"]
[Termination "NemtsevIgor won by resignation"]

1. e4 c6 2. d4 d5 3. exd5 cxd5 4. c4 Nf6 5. Nc3 e6 6. Nf3 Be7 7. c5 O-O 8. Bf4 Ne4 9. Bd3 f5 10. O-O Nc6 11. Bb5 Bf6 12. Bxc6 bxc6 13. Ne5 Bd7 14. Qa4 Be8 15. Nxe4 dxe4 16. Rad1 g5 17. Bc1 Qd5 18.
Nc4 Bh5 19. Rd2 f4 20. Re1 Bxd4 21. Nd6 e5 22. Nxe4 h6 23. b3 Bg6 24. Bb2 Rad8 25.
Bxd4 exd4 26. Nd6 Qxc5 27. Qxd4 Qxd4 28. Rxd4 Rd7 29. Re6 Bb1 30. a3 Rfd8 31. f3 h5 32.
b4 Ba2 33. Rf6 Kg7 34. Rf5 Rxd6 35. Rxg5+ Kf6 36. Rxd6+ Rxd6 37. Rxh5 Rd2 38. Rh6+ Ke5 39. Rxc6 Bd5 40. Ra6 Kd4 41. g3 Bxf3 42. gxf4 Ke3 43. Re6+ Be4 44. h4 Kf3 45. h5 Rg2+ 46.
Kf1 Rh2 47. Ke1 Ke3 0-1

[Event "*** Titled Tuesday Blitz AM"]
[Site "Chess.com"]
[Date "2020.01.07"]
[Round "3"]
[White "KhazarBabazada"]
[Black "SalgadoChess91"]
[Result "1-0"]
[WhiteElo "2912"]
[BlackElo "2714"]
[TimeControl "180+2"]
[EndTime "9:38:09 PST"]
[Termination "KhazarBabazada won by checkmate"]

1. e4 e5 2. Nf3 Nc6 3. Bb5 Nge7 4. O-O Ng6 5. c3 a6 6. Ba4 b5 7. Bb3 d6 8. d4 Be7 9. a4 Rb8 10. axb5 axb5 11. Na3 O-O 12. h3 Na5 13. Ba2 c5 14.
Bd2 Qc7 15. Rc1 c4 16. Nc2 Nc6 17. Bb1 Re8 18. Re1 Bd8 19. Ne3 Nce7 20. b3 Nf4 21. Nh2 Bd7 22. h4 Qa7 23. g3 Ne6 24. d5 Nc5 25.
bxc4 Bb6 26. Qe2 bxc4 27. Bc2 Bb5 28. Ra1 Qd7 29. h5 Qh3 30. Nhg4 Nd3 31. Reb1 Bc5 32. h6 Ng6 33. hxg7 Kxg7 34. Nf5+ Kh8 35. Bg5 h5 36.
Nge3 Ngf4 37. Qf1 Rg8 38. Bf6+ Kh7 39. Bh4 Qxf1+ 40. Kxf1 Nh3 41. Bxd3 cxd3 42. Kg2 Nf4+ 43. Kf3 Ne2 44. c4 Bd7 45. Rh1 Rb2 46. Be7 Kg6 47. Rxh5 Bxf5 48. exf5+ Kxh5 49. Rh1# 1-0

[Event "*** Titled Tuesday Blitz AM"]
[Site "Chess.com"]
[Date "2020.01.07"]
[Round "3"]
[White "lucasran"]
[Black "Pultis"]
[Result "0-1"]
[WhiteElo "2698"]
[BlackElo "2860"]
[TimeControl "180+2"]
[EndTime "9:38:17 PST"]
[Termination "Pultis won by resignation"]

1. Nf3 d5 2. d4 Nf6 3. c4 c6 4. e3 g6 5. Nc3 Bg7 6. Be2 O-O 7.
O-O Bg4 8. Qb3 Qb6 9. h3 Bxf3 10. Bxf3 e6 11. Qc2 dxc4 12. Na4 Qc7 13. Bd2 Nbd7 14.
Rfc1 b5 15. Nc3 Nd5 16. a4 a6 17. b3 cxb3 18. Qxb3 Qb6 19. Ne4 e5 20. Nc5 Nxc5 21. dxc5 Qd8 22. Bxd5 Qxd5 23. Qxd5 cxd5 24. axb5 axb5 25. Rab1 Rab8 26. c6 Rfc8 27. Bb4 Bf8 28. Bxf8 Kxf8 29. Rc5 b4 30. c7 Rb7 31. Rxd5 Rcxc7 32.
Rxe5 b3 33. Rd5 b2 34. Rdd1 Rc2 35. g3 Ke7 36. Kg2 f5 37. Kf3 Ke6 38. h4 h6 39. Kg2 g5 40. hxg5 hxg5 41. Rh1 g4 42. Rh6+ Ke5 43. Rhh1 Rd7 44. Rh6 Rdd2 45. Rb6 Rxf2+ 46.
Kg1 Rg2+ 47. Kf1 Rh2 48. Kg1 Rcg2+ 49. Kf1 Ke4 50. Rb4+ Kf3 51. Rf4+ Kxg3 52. Ke1 Rc2 53. Kd1 Rc1+ 54. Rxc1 Rh1+ 0-1

[Event "*** Titled Tuesday Blitz AM"]
[Site "Chess.com"]
[Date "2020.01.07"]
[Round "3"]
[White "MattyDPerrine"]
[Black "RubensCezila"]
[Result "1-0"]
[WhiteElo "2349"]
[BlackElo "2587"]
[TimeControl "180+2"]
[EndTime "9:38:18 PST"]
[Termination "MattyDPerrine won by resignation"]

1. Nf3 Nf6 2. g3 g6 3. Bg2 Bg7 4. O-O O-O 5. d4 d6 6. c4 Nbd7 7. Nc3 e5 8. e4 c6 9. h3 Qb6 10.
c5 dxc5 11. dxe5 Ne8 12. e6 fxe6 13. Ng5 Ndf6 14. e5 Nd5 15. f4 Nxc3 16. bxc3 Nc7 17.
c4 Qa6 18. Qd6 h6 19. Ne4 Qxc4 20. Qxc7 Qd4+ 21. Be3 Qxe3+ 22. Kh2 c4 23. Rac1 Qb6 24. Qe7 Rf7 25. Qe8+ Rf8 26. Qxg6 Qd8 27. Nf6+ Rxf6 28. exf6 Qxf6 29. Qe8+ Qf8 30. Qg6 Qf7 31. Qe4 b5 32. Qxc6 Rb8 33. Rfd1 Bb7 34. Qxb5 a6 35. Qb6 e5 36.
Rd8+ Rxd8 37. Qxd8+ Kh7 38. Bxb7 Qxb7 39. Qd2 exf4 40. Rxc4 fxg3+ 41. Kxg3 Qb8+ 42. Kg2 Qb7+ 43. Kg1 Qb6+ 44. Kf1 Qf6+ 45. Qf2 Qa1+ 46. Kg2 Qe5 47. Qc2+ Kg8 48. Rc8+ Bf8 49. Qc4+ Kh8 50. Rxf8+ 1-0